 Dungeon Crawl Stone Soup version 0.20-a0-700-gbd4582c (webtiles) character file.

1906 Gorglomux the Ruffian (level 8, -1/66 HPs)
             Began as a Centaur Transmuter on Feb 21, 2017.
             Was an Initiate of Ieoh Jian.
             Slain by a wyvern (16 damage)
             ... on level 5 of the Dungeon.
             The game lasted 00:17:14 (8412 turns).

Gorglomux the Ruffian (Centaur Transmuter)          Turns: 8412, Time: 00:17:15

Health: -1/66      AC:  4    Str: 14    XL:     8   Next: 94%
Magic:  12/15      EV:  9    Int: 14    God:    Ieoh Jian [......]
Gold:   120        SH:  0    Dex:  9    Spells: 10/16 levels left

rFire    . . .     SeeInvis .     - Unarmed
rCold    . . .     Gourm    .   b - +0 robe
rNeg     . . .     Faith    .   (no shield)
rPois    +         Spirit   .   (no helmet)
rElec    .         Reflect  .   (no cloak)
rCorr    .         Harm     .   (no gloves)
MR       .....                  (no barding)
Stlth    +.........             (no amulet)
Regen    0.3/turn               o - ring of poison resistance
MPRegen  0.2/turn               k - ring of wizardry

@: very quick
A: hooves 3, deformed body, speed 2, tough skin 3
a: Renounce Religion


You were on level 5 of the Dungeon.
You worshipped Ieoh Jian.
Ieoh Jian was noncommittal.
You were not hungry.

You visited 2 branches of the dungeon, and saw 8 of its levels.

You collected 380 gold pieces.
You spent 260 gold pieces at shops.

Inventory:

Hand Weapons
 H - the +1 hand crossbow "Guapaseg" {penet, Dex+4}
   (You found it on level 7 of the Dungeon)

   Ammo fired by it will pass through the targets it hits, potentially hitting
   all targets in its path until it reaches maximum range.
   It affects your dexterity (+4).
Missiles
 a - 130 arrows
 F - 179 stones (quivered)
Armour
 b - a +0 robe (worn)
Jewellery
 f - an uncursed ring of protection from fire
 k - a ring of wizardry (left hand)
 o - a ring of poison resistance (right hand)
Wands
 I - a wand of iceblast (11/15)
Scrolls
 e - a scroll of random uselessness
 g - 4 scrolls of fog
 j - 2 scrolls of remove curse {unknown}
 v - 2 scrolls of enchant armour {unknown}
 B - a scroll of blinking
 C - 3 scrolls of identify {unknown}
 J - a scroll of teleportation {unknown}
 K - 2 scrolls of recharging {unknown}
 N - a scroll of noise {unknown}
 O - a scroll of immolation {unknown}
 R - 3 scrolls of acquirement {unknown}
 T - a scroll of summoning {unknown}
Potions
 m - a potion of resistance {unknown}
 n - a potion of ambrosia
 u - a potion of curing {unknown}
 w - a potion of might {unknown}
 x - 2 potions of haste
 G - 2 potions of agility {unknown}
 M - 2 potions of flight {unknown}
 S - a potion of degeneration {unknown}
Books
 c - a book of Changes

   Spells                             Type                      Level
   a - Beastly Appendage              Transmutation                1
   b - Sticks to Snakes               Transmutation                2
   c - Spider Form                    Transmutation/Poison         3
   d - Ice Form                       Ice/Transmutation            4
   e - Blade Hands                    Transmutation                5
 D - a book of Callings

   Spells                             Type                      Level
   a - Summon Small Mammal            Summoning                    1
   b - Call Imp                       Summoning                    2
   c - Call Canine Familiar           Summoning                    3
   d - Summon Guardian Golem          Hexes/Summoning              3
   e - Summon Lightning Spire         Summoning/Air                4
   f - Summon Ice Beast               Ice/Summoning                4
Comestibles
 d - 5 bread rations
 l - 2 meat rations
 t - 2 royal jellies
 Q - a fruit


   Skills:
 - Level 4.1 Fighting
 + Level 1.3 Armour
 - Level 1.3 Dodging
 - Level 7.3 Unarmed Combat
 + Level 4.9 Spellcasting
 - Level 5.2 Transmutations


You had 10 spell levels left.
You knew the following spells:

 Your Spells              Type           Power        Failure   Level  Hunger
a - Beastly Appendage     Tmut           ###...       1%          1    None
b - Sticks to Snakes      Tmut           ###.....     1%          2    ##.....
c - Spider Form           Tmut/Pois      ##........   9%          3    ###....


Dungeon Overview and Level Annotations

Branches:
Dungeon (7/15)             Temple (1/1) D:5

Altars:
Ashenzari
Cheibriados
Dithmenos
Elyvilon
Fedhas
Gozag
Hepliaklqana Ieoh Jian
Kikubaaqudgha
Makhleb
Nemelex Xobeh
Okawaru
Qazlal
Ru
Sif Muna
Trog
Vehumet
Xom
Yredelemnul
The Shining One

Shops:
D:4 }   D:5 =


Innate Abilities, Weirdness & Mutations

You have hooves in place of feet.
Armour fits poorly on your strangely shaped body.
You cover ground very quickly.
You have extremely tough skin. (AC +3)


Message History

Casting: Spider Form
Confirm with . or Enter, or press ? or * to list all spells.
You turn into a venomous arachnid creature.
Your +0 robe melds into your body.
The wyvern bites you!!
You are too injured to fight recklessly!
You are too injured to fight recklessly!
You are too injured to fight recklessly!
You hit the wyvern.
The wyvern is lightly wounded.
The wyvern bites you! x2
* * * LOW HITPOINT WARNING * * *
Okay, then.
You feel much better. The wyvern bites you!
Okay, then.
Your transformation has ended.
Your +0 robe unmelds from your body.
The wyvern bites you.
* * * LOW HITPOINT WARNING * * *
The wyvern bites you!
You die...

.........####<)...... ..........
##.#..##..###.......# #..........
#.#......##..##..#.##...........
#.##.###.....###.#......#.......
#.##.####........#.#...##..#####
##.##.##...##...........##.. ###.
>........................#.. #...
............##.##l....#.....##.#.
.........##.....@................
.........#####...#.####.#..#.#.>.
......###..................#...#.
......###.#........##..........#.
..........#........#..#..##....#.
......#####..........##..###...#.
......# #.........## ..##...#.
......# #.........# .#.##.....
#.##.## #.........# .#........


You could see a wyvern.

Vanquished Creatures
  Sigmund (D:6)
  A hungry ghost (D:7)
  Edmund (D:4)
  An orc warrior (D:4)
  2 black bears (D:7)
  A phantom (D:4)
  An ogre (D:7)
  A centaur (D:6)
  A bullfrog (D:4)
  A howler monkey (D:6)
  3 crimson imps
  2 hounds (D:4)
  A jelly (D:6)
  An orc priest (D:3)
  7 orc wizards
  A bullfrog skeleton (D:6)
  3 iguanas
  5 worker ants
  A killer bee zombie (D:6)
  4 adders
  7 gnolls (D:6)
  3 oozes (D:4)
  An adder skeleton (D:5)
  An adder zombie (D:5)
  3 worms
  3 dart slugs (D:2)
  5 leopard geckos
  16 orcs
  5 giant cockroaches
  6 goblins
  7 hobgoblins
  4 jackals (D:2)
  A quokka (D:3)
  11 bats
  2 frilled lizards
  9 kobolds
  9 rats
132 creatures vanquished.

Vanquished Creatures (collateral kills)
  A worker ant (D:4)
  An adder (D:2)
  A worm (D:2)
3 creatures vanquished.

Vanquished Creatures (others)
  A human (D:5)
1 creature vanquished.

Grand Total: 136 creatures vanquished

Notes
Turn   | Place    | Note
-------+----------+-------------------------------------------
     0 | D:1      | Gorglomux the Centaur Transmuter began the quest for the Orb.
     0 | D:1      | Reached XP level 1. HP: 16/16 MP: 3/3
   415 | D:1      | Reached XP level 2. HP: 23/23 MP: 2/4
  1142 | D:2      | HP: 1/23 [adder (2)]
  1149 | D:2      | Reached XP level 3. HP: 11/28 MP: 5/5
  1179 | D:2      | HP: 1/28 [poisoned by an adder]
  1524 | D:2      | Learned a level 2 spell: Sticks to Snakes
  1857 | D:2      | Reached skill level 4 in Unarmed Combat
  2124 | D:2      | Reached skill level 3 in Transmutations
  2124 | D:2      | Reached XP level 4. HP: 23/35 MP: 6/6
  2589 | D:2      | Learned a level 3 spell: Spider Form
  2910 | D:3      | Reached XP level 5. HP: 33/40 MP: 4/7
  3936 | D:4      | Reached skill level 5 in Unarmed Combat
  3941 | D:4      | Noticed an orc warrior
  3955 | D:4      | Killed an orc warrior
  3955 | D:4      | Reached XP level 6. HP: 47/47 MP: 5/8
  3961 | D:4      | Found a shimmering altar of Xom.
  4012 | D:4      | Found an opulent altar of Gozag.
  4023 | D:4      | You fall through a shaft for 3 floors!
  4056 | D:7      | Found a bloodstained altar of Trog.
  4072 | D:7      | Reached skill level 6 in Unarmed Combat
  4431 | D:7      | HP: 2/47 [black bear (3)]
  4433 | D:7      | Reached XP level 7. HP: 2/52 MP: 6/9
  4878 | D:7      | Got an ancient hand crossbow
  4879 | D:7      | Identified the +1 hand crossbow "Guapaseg" {penet, Dex+4} (You found it on level 7 of the Dungeon)
  4945 | D:7      | Noticed a hungry ghost
  4986 | D:7      | Killed a hungry ghost
  5303 | D:6      | Found a glowing golden altar of the Shining One.
  5304 | D:6      | Found a burning altar of Makhleb.
  5304 | D:6      | Found a sacrificial altar of Ru.
  5305 | D:6      | Found a stormy altar of Qazlal.
  5307 | D:6      | Found a white marble altar of Elyvilon.
  5308 | D:6      | Found an iron altar of Okawaru.
  5388 | D:6      | Reached skill level 7 in Unarmed Combat
  5483 | D:6      | Found a shadowy altar of Dithmenos.
  5520 | D:6      | Reached skill level 3 in Spellcasting
  5547 | D:6      | Reached XP level 8. HP: 31/59 MP: 10/12
  5861 | D:6      | Found an ancient bone altar of Kikubaaqudgha.
  6156 | D:6      | Noticed Sigmund
  6184 | D:6      | Killed Sigmund
  6484 | D:5      | Entered Level 5 of the Dungeon
  6502 | D:5      | Found a staircase to the Ecumenical Temple.
  6537 | Temple   | Entered the Ecumenical Temple
  6616 | Temple   | Became a worshipper of the Ieoh Jian Council
  6648 | D:5      | Found Ryeneyja's Jewellery Shop.
  6687 | D:4      | Reached skill level 3 in Fighting
  7422 | D:4      | Found Ithupnoh's Gadget Shoppe.
  7620 | D:4      | Noticed Edmund
  7634 | D:4      | Killed Edmund
  7634 | D:4      | Reached skill level 1 in Armour
  8185 | D:5      | Found an ancient bone altar of Kikubaaqudgha.
  8265 | D:5      | Bought an uncursed ring of poison resistance for 260 gold pieces
  8412 | D:5      | Slain by a wyvern

Vault maps used:
D:1:      dpeg_arrival_lava_altar
D:3:      minmay_misc_feat_plants
D:4:      minmay_opposing_rooms, lemuel_coloured_pillars_altar, serial_shops,
          shop, first_bread, nicolae_gozag_cash_rules_everything_around_me,
          uniq_edmund
D:5:      minmay_temple_entry_large_hall, serial_shops, nicolae_shop_crystal,
          tgw_kikubaaqudgha
D:6:      kennysheep_little_box, grunt_temple_overflow_open,
          nicolae_dithmenos_shadow_blocks, uniq_sigmund
D:7:      dancing_weapons_uskayaw, trog_ov_bears_minmay
Temple:   hc_temple_tempest_star

Skill      XL: |  1  2  3  4  5  6  7  8 |
---------------+-------------------------+-----
Transmutations | 2 3 4 5 |  5.2
Unarmed Combat | 4 5 6 7 |  7.3
Spellcasting   | 3 4 |  4.9
Fighting       | 4 |  4.1
Armour         | 1 |  1.3
Dodging        | |  1.3

Action                   |  1- 3 |  4- 6 |  7- 9 || total
-------------------------+-------+-------+-------++-------
Melee: Unarmed           |   162 |   134 |   272 ||   568
       Kick              |    30 |    14 |    13 ||    57
       Headbutt          |     2 |       |     3 ||     5
       Punch             |     2 |     1 |     2 ||     5
Throw: Stone             |       |     6 |     3 ||     9
 Cast: Beastly Appendage |    10 |       |     3 ||    13
       Sticks to Snakes  |     2 |       |     1 ||     3
       Spider Form       |       |    18 |    25 ||    43
 Abil: End Transformatio |       |     1 |     1 ||     2
  Use: Potion            |     2 |       |     3 ||     5
       Scroll            |       |     3 |       ||     3
  Eat: Chunk             |     4 |     9 |    14 ||    27
       Bread ration      |       |       |     1 ||     1
Armor: Robe              |    63 |    30 |    20 ||   113
       Skin              |       |     6 |     9 ||    15
Dodge: Dodged            |    82 |    94 |   154 ||   330
